 Dungeon Crawl Stone Soup version 0.30-a0-1035-g38d5fb2972 (webtiles) character file.

Game seed: 11867752964937054510

180 DeathPants the Sneak (level 5, -1/42 HPs)
             Began as a Naga Venom Mage on Apr 8, 2023.
             Slain by Grinder (7 damage)
             ... on level 3 of the Dungeon.
             The game lasted 00:09:12 (2615 turns).

DeathPants the Sneak (Naga Venom Mage)              Turns: 2615, Time: 00:09:13

Health: -1/42      AC:  3    Str: 10    XL:     5   Next: 60%
Magic:  8/8        EV: 10    Int: 17    God:
Gold:   102        SH:  0    Dex: 12    Spells: 2/8 levels left

rFire   . . .      SeeInvis +    a - +2 short sword (speed)
rCold   . . .      Faith    .    (no shield)
rNeg    . . .      Spirit   .    n - +0 robe
rPois   +          Reflect  .    i - +0 helmet
rElec   .          Rampage  .    (no cloak)
rCorr   .                        (no gloves)
Will    +....                    (no barding)
Stlth   +++                      m - amulet of the acrobat
HPRegen 0.27/turn                l - ring of willpower
MPRegen 0.11/turn                (no ring)

@: very slow
A: AC +1, large, see invisible, deformed body, poison resistance, slowness 2,
spit poison 1, naga tail 1
a: Spit Poison


You were on level 3 of the Dungeon.
You visited 1 branch of the dungeon, and saw 3 of its levels.

You collected 102 gold pieces.

Inventory:

Hand Weapons
 a - a +2 short sword of speed (weapon)
 c - a +0 rapier
Armour
 i - a +0 helmet (worn)
 n - a +0 robe (worn)
Jewellery
 l - a ring of willpower (left hand)
 m - an amulet of the acrobat (around neck)
Wands
 j - a wand of roots (2)
Scrolls
 e - 3 scrolls of identify {unknown}
 f - 4 scrolls of silence {unknown}
 h - a scroll of magic mapping {unknown}
Potions
 b - 2 potions of magic
 d - a potion of mutation {unknown}
 g - a potion of degeneration {unknown}


   Skills:
 - Level 1.5 Dodging
 + Level 6.2 Stealth
 - Level 2.0 Spellcasting
 - Level 1.0 Transmutations
 * Level 1.7 Air Magic
 - Level 6.0 Poison Magic


You had 2 spell levels left.
You knew the following spells:

 Your Spells              Type           Power      Damage    Failure   Level
a - Sting                 Tmut/Pois      52%        1d5       4%          1
b - Poisonous Vapours     Pois/Air       28%        N/A       6%          2
c - Mephitic Cloud        Conj/Pois/Air  10%        N/A       21%         3

Your spell library contained the following spells:

 Spells                   Type           Power      Damage    Failure   Level
 Wereblood                Tmut           5%         N/A       19%         2
 Sublimation of Blood     Necr           1%         N/A       28%         2
 Olgreb's Toxic Radiance  Pois           22%        N/A       16%         4
 Summon Hydra             Summ           0%         N/A       100%        7


Dungeon Overview and Level Annotations

Branches:
Dungeon (3/15)

Altars:
Dithmenos

Annotations:
D:3 Grinder


Innate Abilities, Weirdness & Mutations

Your serpentine skin is tough. (AC +1)
You have supernaturally acute eyesight. (SInv)
Armour fits poorly on your strangely shaped body.
Your system is resistant to poisons. (rPois)
You cover ground very slowly.
You can spit poison.
You have a snake-like lower body.


Message History

You hit Grinder but do no damage.
Grinder is moderately wounded.
Grinder gestures at you. Pain shoots through your body!
You hit Grinder but do no damage.
Grinder is moderately wounded.
Grinder hits you!
You writhe in agony.
You closely miss Grinder.
Grinder is moderately wounded.
You closely miss Grinder.
Grinder is moderately wounded.
Grinder hits you.
You writhe in agony.
* * * LOW HITPOINT WARNING * * *
Okay, then.
It was a potion of curing.
You feel better. Grinder hits you.
* * * LOW HITPOINT WARNING * * *
Aiming: Fastroot
Press: ? - help, Shift-Dir - straight line, f/p - Grinder
Aim: Grinder (moderately wounded)
The roots erupt in riotous growth!
Roots grab Grinder.
The grasping roots constrict Grinder.
You hear a shout! x2
Grinder hits you.
* * * LOW HITPOINT WARNING * * *
You feel better.
The grasping roots constrict Grinder.
The roots release their grip on Grinder.
Grinder hits you.
* * * LOW HITPOINT WARNING * * *
You writhe in agony.
* * * LOW HITPOINT WARNING * * *
You barely miss Grinder.
Grinder is heavily wounded.
Grinder hits you but does no damage.
You hit Grinder but do no damage.
Grinder is heavily wounded.
You hit Grinder.
Grinder is heavily wounded.
Grinder hits you!
You die...

#... #...
##...#########
.............#
.............#
...........<.####
.#....5@......#
##...........# .
##.[##.###.###
#..#..###.......#
#.....##......#.#
.................+
........##..#.#.##
..._...## #.#.# #
....5.. ...#


You could see Grinder.

Vanquished Creatures
  An orc priest (D:2)
  An orc wizard (D:2)
  Robin (D:3)
  5 adders (D:2)
  A worm (D:1)
  3 orcs (D:2)
  10 ball pythons
  4 bats
  6 endoplasms
  2 giant cockroaches (D:1)
  10 goblins
  5 hobgoblins
  3 kobolds
  A quokka (D:1)
  4 frilled lizards
  4 rats
61 creatures vanquished.

Vanquished Creatures (others)
  42 plants (D:2)
42 creatures vanquished.

Grand Total: 103 creatures vanquished

Notes
Turn   | Place    | Note
-------+----------+-------------------------------------------
     0 | D:1      | DeathPants the Naga Venom Mage began the quest for the Orb.
     0 | D:1      | Reached XP level 1. HP: 15/15 MP: 3/3
   141 | D:1      | Reached XP level 2. HP: 18/22 MP: 5/5
   144 | D:1      | Learned a level 2 spell: Poisonous Vapours
   475 | D:1      | Reached skill level 5 in Poison Magic
   554 | D:1      | Reached XP level 3. HP: 28/28 MP: 2/6
  1131 | D:1      | You fall into a shaft and drop 1 floor!
  1168 | D:3      | Noticed Grinder
  1343 | D:2      | Learned a level 3 spell: Mephitic Cloud
  1376 | D:2      | Reached XP level 4. HP: 32/36 MP: 5/7
  1650 | D:3      | Noticed Robin
  1659 | D:3      | Killed Robin
  1660 | D:3      | Reached skill level 5 in Stealth
  2006 | D:2      | Reached XP level 5. HP: 37/42 MP: 5/8
  2398 | D:2      | Reached skill level 1 in Air Magic
  2570 | D:3      | Found a shadowy altar of Dithmenos.
  2601 | D:3      | Paralysed by Grinder for 3 turns
  2615 | D:3      | Slain by Grinder

Illustrated notes

Levels and vault maps discovered:
D:1:      dpeg_arrival_brainrot, layout_loops_corners, serial_park_tiny_2,
          minmay_cut_off
D:2:      layout_loops_ring, roderic_lattice_a, serial_bayou_lagoon_a
D:3:      layout_basic, nicolae_dithmenos_shadow_blocks, kennysheep_boxes,
          uniq_robin, uniq_grinder

Skill      XL: |  1  2  3  4  5 |
---------------+----------------+-----
Poison Magic   | 5 6 |  6.0
Stealth        | 4 5 6 |  6.2
Air Magic      | 1 |  1.7
Dodging        | |  1.5
Spellcasting   | |  2.0
Transmutations | |  1.0

Action                     |  1- 3 |  4- 6 || total
---------------------------+-------+-------++-------
  Melee: Rapier            |    64 |    20 ||    84
         Unarmed           |     1 |       ||     1
         Short sword       |       |    39 ||    39
   Cast: Sting             |    23 |    33 ||    56
         Poisonous Vapours |       |     1 ||     1
Ability: Spit Poison       |     1 |       ||     1
  Evoke: Wand              |       |     2 ||     2
    Use: Potion            |       |     2 ||     2
   Stab: Sleeping          |     6 |     1 ||     7
 Armour: Robe              |    17 |    18 ||    35
  Dodge: Dodged            |    45 |    35 ||    80

Table legend: (Time is in decaauts)
 A = Elapsed time spent in this place.
 B = Non-inter-level travel time spent in this place.
 C = Inter-level travel time spent in this place.
 D = Time resting spent in this place.
 E = Time spent auto-exploring this place.
 F = Levels seen in this place.
 G = Mean time per level.
                   A        B        C        D        E       F      G
               +--------+--------+--------+--------+--------+-----+--------+
         Total |   3273 |   3203 |     70 |    266 |   2245 |   3 | 1091.0 |
       Dungeon |   3273 |   3203 |     70 |    266 |   2245 |   3 | 1091.0 |
               +--------+--------+--------+--------+--------+-----+--------+

Top non-repeatable levels by time:
     D:2: 1722 daAuts
     D:1: 1443 daAuts
     D:3: 107 daAuts
